 Dungeon Crawl Stone Soup version 0.20-a0-1109-ge3cd172 (webtiles) character file.

218350 Ijustatesigmund the Warrior (level 19, -4/127 HPs)
             Began as a Gargoyle Fighter on May 5, 2017.
             Was an Elder of Cheibriados.
             Slain by a deep elf blademaster
             ... wielding a +0 quick blade
              (10 damage)
             ... on level 3 of the Elven Halls.
             The game lasted 02:27:03 (32147 turns).

Ijustatesigmund the Warrior (Gargoyle Fighter)     Turns: 32147, Time: 02:27:03

Health: -4/127     AC: 27    Str: 31    XL:     19   Next: 50%
Magic:  16/29      EV: 17    Int: 22    God:    Cheibriados [****..]
Gold:   212        SH: 17    Dex: 22    Spells: 1/27 levels left

rFire    + . .     SeeInvis +   o - +9 flail "Yrchuasse" {venom, rPois}
rCold    . . .     Gourm    .   c - +0 shield
rNeg     + . .     Faith    .   O - +3 troll leather armour
rPois    ∞         Spirit   .   (helmet restricted)
rElec    +         Reflect  +   (no cloak)
rCorr    .         Harm     .   V - +1 pair of gloves of the Game Afoot {Regen+ SInv Stlth+}
MR       ++++.                  D - +1 pair of boots
Stlth    ++++......             S - amulet "Joczuu Womu" {Reflect rPois rF+ SH+4}
Regen    1.2/turn               q - ring of protection from magic
MPRegen  0.3/turn               Y - ring of protection from magic

@: about to teleport, flying, very slow
A: big wings, horns 1, talons 1, clever 1, magic resistance 1, negative energy
resistance 1, electricity resistance, unbreathing, petrification resistance, rot
immunity, AC +13
a: Stop Flying, Bend Time, Temporal Distortion, Slouch, Renounce Religion


You were on level 3 of the Elven Halls.
You worshipped Cheibriados.
Cheibriados was greatly pleased with you.
You were not hungry.

You visited 7 branches of the dungeon, and saw 31 of its levels.
You also visited: Labyrinth and Bailey.

You collected 2995 gold pieces.
You spent 2783 gold pieces at shops.

Inventory:

Hand Weapons
 o - the +9 flail "Yrchuasse" (weapon) {venom, rPois}
   (You bought it in a shop on level 3 of the Elven Halls)

   It poisons the flesh of those it strikes.
   It protects you from poison.
 A - a +3 flail of protection
 F - a +1 flail of holy wrath
 X - the +2 whip of Paunene {freeze, +Fly rF+++ Int-2 SInv}
   (You found it on level 4 of the Lair of Beasts)

   It has been specially enchanted to freeze those struck by it, causing extra
   injury to most foes and up to half again as much damage against particularly
   susceptible opponents.
   It can also slow down cold-blooded creatures.
   It affects your intelligence (-2).
   It renders you almost immune to fire.
   It lets you see invisible.
   It lets you fly.
Missiles
 K - a silver tomahawk (quivered)
Armour
 c - a +0 shield (worn)
 D - a +1 pair of boots (worn)
 O - a +3 troll leather armour (worn)
 V - the +1 pair of gloves of the Game Afoot (worn) {Regen+ SInv Stlth+}
   (You bought it in a shop on level 3 of the Elven Halls)

   It lets you see invisible.
   It increases your rate of regeneration.
   It makes you more stealthy.
Jewellery
 k - an uncursed ring of magical power
 q - a ring of protection from magic (left hand)
 v - an uncursed ring of fire
 E - an uncursed ring of stealth
 S - the amulet "Joczuu Womu" (around neck) {Reflect rPois rF+ SH+4}
   (You found it on level 13 of the Dungeon)

   [amulet of reflection]

   It shields you and reflects attacks.
   It protects you from fire.
   It protects you from poison.
   It affects your SH (+4).
 U - an uncursed amulet of regeneration {unknown}
 Y - a ring of protection from magic (right hand)
 Z - an uncursed ring of protection from cold
Wands
 h - a wand of disintegration (13/24)
 m - a wand of digging (16/24)
 r - a wand of digging (5/24)
 t - a wand of acid (3/15)
 u - a wand of clouds (3/9)
 G - a wand of digging (12/24)
 T - a wand of iceblast (6/15)
Scrolls
 e - a scroll of holy word
 g - 3 scrolls of magic mapping
 j - 6 scrolls of teleportation
 l - 5 scrolls of immolation
 w - 2 scrolls of fear
 y - 3 scrolls of recharging
 z - 2 scrolls of remove curse
 J - 9 scrolls of identify
 N - 5 scrolls of fog
 P - 3 scrolls of enchant weapon
 Q - a scroll of blinking
Potions
 b - a potion of mutation
 i - 6 potions of curing
 p - 6 potions of brilliance
 x - 6 potions of cancellation
 H - a potion of invisibility
 W - a potion of heal wounds
Books
 a - a book of Cantrips

   Spells                             Type                      Level
   a - Confusing Touch                Hexes                        1
   b - Animate Skeleton               Necromancy                   1
   c - Summon Small Mammal            Summoning                    1
   d - Apportation                    Translocation                1
 d - a book of Annihilations

   Spells                             Type                      Level
   a - Poison Arrow                   Conjuration/Poison           6
   b - Chain Lightning                Conjuration/Air              8
   c - Lehudib's Crystal Spear        Conjuration/Earth            8
   d - Glaciate                       Conjuration/Ice              9
   e - Fire Storm                     Conjuration/Fire             9
 s - the Papyrus of Calling
   (You found it on level 1 of the Elven Halls)

   Spells                             Type                      Level
   a - Summon Small Mammal            Summoning                    1
   b - Call Imp                       Summoning                    2
   c - Call Canine Familiar           Summoning                    3
   d - Summon Mana Viper              Hexes/Summoning              5
   e - Summon Forest                  Summoning/Translocation      5
 B - a book of Frost

   Spells                             Type                      Level
   a - Freeze                         Ice                          1
   b - Throw Frost                    Conjuration/Ice              2
   c - Ozocubu's Armour               Charms/Ice                   3
   d - Throw Icicle                   Conjuration/Ice              4
   e - Summon Ice Beast               Ice/Summoning                4
 I - a book of Minor Magic

   Spells                             Type                      Level
   a - Magic Dart                     Conjuration                  1
   b - Blink                          Translocation                2
   c - Call Imp                       Summoning                    2
   d - Slow                           Hexes                        2
   e - Conjure Flame                  Conjuration/Fire             3
   f - Mephitic Cloud                 Conjuration/Poison/Air       3
 M - a book of the Earth

   Spells                             Type                      Level
   a - Leda's Liquefaction            Hexes/Earth                  4
   b - Bolt of Magma                  Conjuration/Fire/Earth       5
   c - Statue Form                    Transmutation/Earth          6
   d - Iron Shot                      Conjuration/Earth            6
   e - Shatter                        Earth                        9
Miscellaneous
 L - a lightning rod (2/4)
Comestibles
 f - 15 bread rations
 n - 17 meat rations


   Skills:
 - Level 16.7 Fighting
 - Level 14.7 Maces & Flails
 - Level 4.0 Throwing
 - Level 10.3 Armour
 - Level 7.1 Dodging
 - Level 4.6 Stealth
 - Level 8.5 Shields
 - Level 4.7 Spellcasting
 + Level 11.6 Conjurations
 - Level 6.3 Hexes
 + Level 5.6 Translocations
 - Level 6.9 Ice Magic
 - Level 2.1 Air Magic
 * Level 11.2 Earth Magic
 - Level 2.2 Poison Magic
 - Level 13.5 Invocations


You had one spell level left.
You knew the following spells:

 Your Spells              Type           Power        Failure   Level  Hunger
a - Magic Dart            Conj           ####         1%          1    None
b - Iskenderun's Mystic   Conj           ######..     1%          4    ####...
c - Dazzling Spray        Conj/Hex       #####.       1%          3    ##.....
d - Blink                 Tloc           N/A          3%          2    None
e - Lesser Beckoning      Tloc           ####......   8%          3    ##.....
f - Ensorcelled Hibernat  Hex/Ice        ####..       2%          2    None
g - Mephitic Cloud        Conj/Pois/Air  ####....     9%          3    ##.....
h - Lehudib's Crystal Sp  Conj/Erth      ######....   100%        8    #######


Dungeon Overview and Level Annotations

Branches:
Dungeon (15/15)            Temple (1/1) D:6            Lair (6/6) D:11
 Shoals (1/4) Lair:4        Snake (3/4) Lair:4        Slime (0/5) Lair:5
    Orc (2/2) D:11            Elf (3/3) Orc:2        Vaults (0/5) D:13
 Depths (0/5) D:15

Altars:
Cheibriados
Fedhas
Gozag
Hepliaklqana
Kikubaaqudgha
Makhleb
Nemelex Xobeh
Okawaru
Qazlal
Sif Muna
Trog
Uskayaw
Vehumet
Wu Jian
Xom
Yredelemnul
Zin

Shops:
Orc:2 =*[(   Elf:1 :   Elf:3 (*([?

Annotations:
Shoals:1 Donald
Snake:2 Vashnia
Elf:2 3 runed doors


Innate Abilities, Weirdness & Mutations

You are resistant to torment.
Your stone body is resilient. (AC +13)
You are immune to poison.
Your large and strong wings let you fly indefinitely.
You resist negative energy. (rN+)
You are resistant to electric shocks. (rElec)
You can survive without breathing.
You are immune to petrification.
You are immune to rotting.
You have a pair of small horns on your head.
You have sharp toenails.
Your mind is acute. (Int +2)
You are resistant to hostile enchantments. (MR+)


Message History

The small abomination closely misses you.
The deep elf high priest says, "All sinners must die."
The deep elf sorcerer casts a spell.
The deep elf sorcerer seems to speed up.
As you read the scroll of fear, it crumbles to dust.
You assume a fearsome visage.
The small abomination is unaffected. x2
The deep elf blademaster easily resists.
The deep elf high priest resists with almost no effort.
The deep elf blademaster easily resists.
The deep elf sorcerer resists with almost no effort.
The deep elf high priest looks frightened!
You block the deep elf blademaster's attack.
The deep elf blademaster hits you with a quick blade.
* * * LOW HITPOINT WARNING * * *
The deep elf high priest gibbers meaninglessly.
The small abomination hits you but does no damage.
The small abomination hits you!
* * * LOW HITPOINT WARNING * * *
The deep elf blademaster hits you with a quick blade!
You die...

.........###........# ###.....##
......[...###...###(# ##.......#
..........# ##'##(.(# ##.........
..........# #.##...# #..........
.........#####.##)..# ##.........
...............##...####........#
#.......#####..)).)......#.....##
#########*####.)xx.#############
*** ##@# *** ***,*** ###e###
***,*** *,,,,,** ##.ee[.##
**,,,,,*
,,,,,,,*****#...e.e.#*****,,,,,,,
,,,,,,,,,*#...$.).....#*,,,,,,,,,
,,,,,,,,,*#.....((.)..#*,,,,,,,,,
,,,*,,,,,*#.....(.....#*,,,,,*,,,
,,***,,,,*#.....(.e...#*,,,,***,,
,,,*,,,,,*#(..........#*,,,,,*,,,


You could see 2 deep elf blademasters, a deep elf annihilator, a deep elf
sorcerer, 2 deep elf high priests and 2 small abominations.

Vanquished Creatures
  Bai Suzhen (Elf:3)
  A deep elf blademaster (Elf:3)
  Frances (D:13)
  3 nagarajas
  Kirke (Lair:4)
  Roxanne (Elf:2)
  2 orc warlords
  5 deep elf sorcerers (Elf:3)
  2 deep elf elementalists (Elf:3)
  Aizul (Snake:3)
  Azrael (D:15)
  The ghost of Paps the Blocker, a journeyman GrFi of Okawaru (Lair:1)
  5 deep elf demonologists
  5 dire elephants (Lair:6)
  3 deep elf annihilators (Elf:3)
  The ghost of Dominolapin the Fighter, a journeyman BaIE of Hepliaklqana (Lair:5)
  5 deep elf death magi
  The ghost of nht the Spear-Bearer, a journeyman OgFi of Okawaru (Lair:1)
  A minotaur (Lab)
  Erolcha (D:9)
  4 deep elf high priests (Elf:3)
  A fire dragon (D:13)
  A large abomination (Elf:3)
  3 catoblepae
  6 hydras
  5 naga warriors
  An alligator snapping turtle (Shoals:1)
  8 anacondas
  A centaur warrior (D:13)
  A death knight (D:15)
  9 two-headed ogres
  An ogre mage (Orc:2)
  18 dancing weapons
  A vampire mage (D:14)
  8 shock serpents
  14 deep elf knights
  7 naga sharpshooters
  4 orc high priests (Orc:2)
  Nergalle (Lair:1)
  2 small abominations (Elf:3)
  Sonja (D:13)
  2 skeletal warriors
  5 sea snakes
  An unseen horror (D:11)
  4 naga ritualists
  A phantasmal warrior (D:15)
  3 orc knights (Orc:2)
  A lindwurm (Lair:3)
  57 deep elf magi
  17 deep elf archers
  A wolf spider zombie (D:13)
  A necromancer (D:15)
  12 mana vipers
  3 orc sorcerers (Orc:2)
  7 cyclopes
  A salamander (shapeshifter) (D:14)
  A stone giant zombie (D:15)
  5 manticores
  An ugly thing (D:11)
  A moth of wrath (shapeshifter) (Elf:3)
  2 merfolk sirens (Shoals:1)
  9 salamanders
  9 elephants (Lair:6)
  A frost giant skeleton (D:15)
  3 guardian serpents
  22 black mambas
  A torpor snail (Lair:6)
  Psyche (D:9)
  4 naga magi (Snake:2)
  8 gargoyles
  5 spiny frogs
  2 rime drakes (Lair:4)
  A spriggan zombie (D:15)
  4 kobold demonologists
  3 freezing wraiths (D:15)
  11 komodo dragons
  3 yaktaurs (D:13)
  A guardian mummy (D:14)
  4 merfolk (Shoals:1)
  A jumping spider (shapeshifter) (D:13)
  5 trolls
  8 hippogriffs
  A raiju (shapeshifter) (D:13)
  2 snapping turtles
  14 slime creatures
  2 hornets
  5 blink frogs (Lair:5)
  7 dream sheep (Lair:6)
  A hippogriff (shapeshifter) (Elf:3)
  5 air elementals
  52 yaks
  3 wraiths
  2 wyverns
  3 shadows
  A human (D:8)
  3 fire elementals (D:15)
  10 hogs
  A golden eye (shapeshifter) (D:15)
  3 basilisks
  3 wargs
  Edmund (D:5)
  3 soldier ants
  An acid dragon (D:14)
  Menkaure (D:5)
  19 nagas
  19 water moccasins
  3 hell hounds (D:15)
  9 porcupines
  32 orc warriors
  4 ice beasts
  2 phantoms
  3 black bears
  A necrophage (D:7)
  5 sky beasts
  7 centaurs
  A boggart (D:13)
  15 ogres
  7 crocodiles
  8 wolves
  25 bullfrogs
  6 big kobolds
  Blork the orc (D:6)
  4 earth elementals
  A water moccasin zombie (D:11)
  A wyvern skeleton (D:13)
  4 scorpions
  4 killer bees
  9 wights
  A tengu skeleton (D:15)
  3 electric eels (D:11)
  7 centaur zombies
  5 howler monkeys
  4 bullfrog zombies
  6 crimson imps
  12 hounds
  25 orc priests
  13 centaur skeletons
  3 jellies
  A gnoll shaman (D:9)
  5 bullfrog skeletons
  Natasha (thrice) (D:4)
  An iguana (D:15)
  29 orc wizards
  4 worker ants
  A killer bee zombie (D:9)
  A hound zombie (D:7)
  2 hound skeletons
  A worker ant zombie (D:11)
  15 gnolls
  8 adders
  9 shadow imps
  An ooze (D:2)
  6 worms
  2 dart slugs
  6 leopard geckos
  87 orcs
  5 bats
  2 giant cockroaches
  9 goblins
  3 hobgoblins
  11 jackals
  34 kobolds
  4 quokkas
  3 ball pythons
  6 frilled lizards
  A jackal skeleton (D:5)
  A leopard gecko skeleton (D:4)
  2 quokka skeletons
  12 rats
  A crawling corpse (Elf:3)
  A fungus (Lair:1)
  3 plants (Lair:6)
1044 creatures vanquished.

Vanquished Creatures (others)
  2 naga sharpshooters
  2 deep elf knights
  A deep elf mage (Elf:2)
  A cyclops (D:14)
  A shadow (D:13)
  A naga (Snake:1)
  An orc warrior (Orc:2)
  A centaur (D:14)
  A bullfrog (D:15)
  An orc (Orc:2)
  10 fungi
  19 plants
  4 tentacles (Shoals:1)
  7 toadstools (D:1)
  2 withered plants (D:15)
54 creatures vanquished.

Grand Total: 1098 creatures vanquished

Notes
Turn   | Place    | Note
-------+----------+-------------------------------------------
     0 | D:1      | Ijustatesigmund the Gargoyle Fighter began the quest for the Orb.
     0 | D:1      | Reached XP level 1. HP: 14/14 MP: 1/1
   187 | D:1      | Reached XP level 2. HP: 14/19 MP: 2/2
   832 | D:1      | Reached XP level 3. HP: 23/24 MP: 3/3
  1677 | D:2      | Reached skill level 4 in Fighting
  1717 | D:2      | Reached XP level 4. HP: 24/29 MP: 1/4
  1732 | D:2      | Found a blossoming altar of Fedhas.
  1733 | D:2      | Found a sparkling altar of Nemelex Xobeh.
  2106 | D:2      | Found a hazy altar of Hepliaklqana.
  2250 | D:2      | Found a hide-covered altar of Uskayaw.
  2440 | D:2      | Noticed a water elemental
  2441 | D:2      | Found a stormy altar of Qazlal.
  2442 | D:2      | Noticed a fire elemental
  2442 | D:2      | Noticed an earth elemental
  2442 | D:2      | Noticed an air elemental
  2486 | D:3      | Reached XP level 5. HP: 32/34 MP: 5/5
  2623 | D:3      | Gained mutation: You have a pair of small horns on your head. [potion of mutation]
  2623 | D:3      | Gained mutation: Your mind is acute. (Int +2) [potion of mutation]
  2623 | D:3      | Gained mutation: You are resistant to hostile enchantments. (MR+) [potion of mutation]
  2623 | D:3      | Gained mutation: You have sharp toenails. [potion of mutation]
  2639 | D:3      | Reached skill level 5 in Fighting
  2639 | D:3      | Reached skill level 5 in Maces & Flails
  2639 | D:3      | Reached XP level 6. HP: 8/40 MP: 1/6
  3328 | D:3      | Found a glowing silver altar of Zin.
  3674 | D:4      | Found an opulent altar of Gozag.
  3696 | D:4      | Learned a level 1 spell: Magic Dart
  3773 | D:4      | Reached skill level 1 in Dodging
  3773 | D:4      | Reached skill level 1 in Conjurations
  3866 | D:4      | Reached XP level 7. HP: 44/44 MP: 7/7
  3895 | D:4      | Noticed Natasha
  3896 | D:4      | Found a shimmering altar of Xom.
  3906 | D:4      | Killed Natasha
  4250 | D:4      | Noticed Natasha
  4257 | D:4      | Killed Natasha
  4313 | D:4      | Noticed Natasha
  4322 | D:4      | Killed Natasha
  4404 | D:4      | Found an ornate altar of the Wu Jian Council.
  4564 | D:5      | Entered Level 5 of the Dungeon
  4620 | D:5      | Noticed Menkaure
  4630 | D:5      | Killed Menkaure
  4630 | D:5      | Reached XP level 8. HP: 35/49 MP: 6/8
  4745 | D:5      | Reached skill level 5 in Shields
  4848 | D:5      | Found a burning altar of Makhleb.
  4931 | D:5      | Noticed Edmund
  4946 | D:5      | Killed Edmund
  4946 | D:5      | Reached skill level 5 in Armour
  5223 | D:6      | Found a staircase to the Ecumenical Temple.
  5360 | Temple   | Entered the Ecumenical Temple
  5373 | Temple   | Became a worshipper of Cheibriados the Contemplative
  5409 | D:6      | Noticed Blork the orc
  5424 | D:6      | Killed Blork the orc
  5426 | D:6      | Reached skill level 1 in Invocations
  5444 | D:6      | Reached XP level 9. HP: 52/55 MP: 10/10
  5457 | D:6      | Found a stormy altar of Qazlal.
  5494 | D:6      | Reached skill level 6 in Fighting
  5709 | D:6      | Reached * piety under Cheibriados
  6370 | D:7      | Reached ** piety under Cheibriados
  6379 | D:7      | Reached skill level 7 in Fighting
  6767 | D:7      | Reached skill level 5 in Invocations
  6852 | D:8      | Found a flagged portal.
  6872 | Bailey   | Entered a bailey
  6891 | Bailey   | Noticed an orc warlord
  6904 | Bailey   | Reached XP level 10. HP: 56/63 MP: 10/13
  6987 | Bailey   | Found a runed gate.
  6988 | Bailey   | Found a runed gate.
  6989 | Bailey   | Found a runed gate.
  7100 | Bailey   | Reached *** piety under Cheibriados
  7206 | Bailey   | Killed an orc warlord
  7206 | Bailey   | Reached skill level 8 in Fighting
  7658 | D:8      | Noticed a two-headed ogre
  7666 | D:8      | Killed a two-headed ogre
  7666 | D:8      | Reached skill level 9 in Fighting
  7862 | D:8      | Found a bloodstained altar of Trog.
  8097 | D:8      | Reached XP level 11. HP: 51/71 MP: 12/16
  8255 | D:9      | Noticed Psyche
  8262 | D:9      | Killed Psyche
  8370 | D:9      | Reached **** piety under Cheibriados
  8398 | D:9      | Noticed Erolcha
  8406 | D:9      | Killed Erolcha
  8406 | D:9      | Reached skill level 10 in Fighting
  8562 | D:9      | Reached skill level 11 in Fighting
  8562 | D:9      | Reached skill level 10 in Maces & Flails
  8562 | D:9      | Reached skill level 10 in Invocations
  8562 | D:9      | Reached XP level 12. HP: 80/80 MP: 17/19
  8563 | D:9      | Reached XP level 13. HP: 84/84 MP: 17/20
  8832 | D:9      | Found an iron altar of Okawaru.
  8931 | D:9      | Learned a level 4 spell: Iskenderun's Mystic Blast
  9064 | D:10     | Entered Level 10 of the Dungeon
  9370 | D:10     | Reached ***** piety under Cheibriados
  9409 | D:10     | Found a basalt altar of Yredelemnul.
 10108 | D:11     | Found a staircase to the Orcish Mines.
 10128 | D:11     | Found a staircase to the Lair.
 10160 | D:11     | Reached skill level 1 in Spellcasting
 10799 | D:11     | Reached skill level 12 in Fighting
 11775 | D:12     | Reached ****** piety under Cheibriados
 11939 | D:13     | Got a coiled pewter amulet
 11941 | D:13     | Identified the amulet "Joczuu Womu" {Reflect rPois rF+ SH+4} (You found it on level 13 of the Dungeon)
 12003 | D:13     | Noticed a fire dragon
 12120 | Lair:1   | Entered Level 1 of the Lair of Beasts
 12189 | Lair:1   | Reached skill level 1 in Throwing
 12286 | Lair:1   | Gained mutation: Your large and strong wings let you fly indefinitely. [Gargoyle growth]
 12286 | Lair:1   | Reached XP level 14. HP: 53/92 MP: 21/21
 12501 | Lair:1   | Noticed nht's ghost (journeyman OgFi)
 12512 | Lair:1   | Killed nht's ghost
 12873 | Lair:1   | Noticed Nergalle
 12893 | Lair:1   | Killed Nergalle
 13125 | Lair:1   | Noticed Paps's ghost (journeyman GrFi)
 13151 | Lair:1   | Killed Paps's ghost
 15384 | Lair:4   | Found a staircase to the Snake Pit.
 15498 | Lair:4   | Reached skill level 13 in Fighting
 15505 | Lair:4   | Noticed Kirke
 15532 | Lair:4   | Killed Kirke
 15542 | Lair:4   | Got a bloodstained whip
 15543 | Lair:4   | Identified the cursed +2 whip of Paunene {freeze, +Fly rF+++ Int-2 SInv} (You found it on level 4 of the Lair of Beasts)
 15884 | Lair:4   | Found a staircase to the Shoals.
 16237 | Lair:5   | Noticed Dominolapin's ghost (journeyman BaIE)
 16275 | Lair:5   | Killed Dominolapin's ghost
 16283 | Lair:5   | Found a staircase to the Slime Pits.
 17282 | Lair:6   | Entered Level 6 of the Lair of Beasts
 17282 | Lair:6   | Found a labyrinth entrance.
 17287 | Lab      | Entered a labyrinth
 17524 | Lab      | Reached skill level 1 in Stealth
 17700 | Lab      | Identified the +6 dagger of the Assorted Tales {protect, MR+ Int-3 Dex+4 Stlth+} (You took it off a minotaur in a labyrinth)
 17812 | Lair:6   | Reached XP level 15. HP: 94/99 MP: 23/23
 18401 | Lair:6   | Reached skill level 5 in Dodging
 19298 | Lair:1   | Learned a level 3 spell: Dazzling Spray
 19323 | Orc:1    | Entered Level 1 of the Orcish Mines
 19510 | Orc:2    | Entered Level 2 of the Orcish Mines
 19537 | Orc:2    | Reached skill level 1 in Hexes
 20066 | Orc:2    | Found a staircase to the Elven Halls.
 20512 | Orc:2    | Noticed an orc warlord
 20548 | Orc:2    | Killed an orc warlord
 20693 | Orc:2    | Reached skill level 14 in Fighting
 20700 | Orc:2    | Reached XP level 16. HP: 50/106 MP: 19/24
 20833 | Orc:2    | Found Xakheuw's Antique Armour Boutique.
 20834 | Orc:2    | Found Neyn's Antique Weapon Shop.
 20835 | Orc:2    | Found Kengankynoc's General Store.
 20835 | Orc:2    | Found Esaa's Jewellery Boutique.
 20839 | Orc:2    | Bought a scroll of teleportation for 36 gold pieces
 20839 | Orc:2    | Bought a potion of curing for 36 gold pieces
 20839 | Orc:2    | Bought a scroll of enchant armour for 90 gold pieces
 20849 | Orc:2    | Bought a distressingly furry cloak for 218 gold pieces
 20849 | Orc:2    | Bought a smoking scale mail for 207 gold pieces
 20849 | Orc:2    | Bought a tattered robe for 131 gold pieces
 20855 | Orc:2    | Identified the +0 cloak "Heceosh" {*Drain *Slow rElec rPois} (You bought it in a shop on level 2 of the Orcish Mines)
 20871 | Orc:2    | Identified the cursed +1 scale mail of Insatiable Hunger {+Inv rElec rC+} (You bought it in a shop on level 2 of the Orcish Mines)
 20871 | Orc:2    | Identified the +1 robe of Duty {Str+5 Int-2 Slay+2} (You bought it in a shop on level 2 of the Orcish Mines)
 21578 | D:13     | Learned a level 2 spell: Blink
 21630 | D:13     | Got a translucent flail
 21631 | D:13     | Identified the +6 flail of Severance {speed, rC+ MP-9 Str+3} (You found it on level 13 of the Dungeon)
 21753 | D:13     | Reached skill level 1 in Translocations
 21846 | D:13     | Reached skill level 5 in Hexes
 22067 | D:13     | Found a gate to the Vaults.
 22181 | D:13     | Noticed Sonja
 22193 | D:13     | Killed Sonja
 22361 | D:13     | Noticed Frances
 22373 | D:13     | Killed Frances
 23020 | D:14     | Learned a level 3 spell: Lesser Beckoning
 23370 | D:15     | Entered Level 15 of the Dungeon
 23377 | D:15     | Found a staircase to the Depths.
 23502 | D:15     | Identified a scroll of acquirement
 23807 | D:15     | Reached skill level 15 in Fighting
 23998 | D:15     | Noticed Azrael
 24181 | D:15     | Killed Azrael
 24181 | D:15     | Reached skill level 5 in Translocations
 24728 | Lair:1   | Learned a level 2 spell: Ensorcelled Hibernation
 24833 | Snake:1  | Entered Level 1 of the Snake Pit
 24883 | Snake:1  | Reached skill level 1 in Ice Magic
 24933 | Snake:1  | Noticed a nagaraja
 24942 | Snake:1  | Reached XP level 17. HP: 88/113 MP: 19/25
 25876 | Snake:2  | Reached skill level 16 in Fighting
 25910 | Snake:2  | Found a hide-covered altar of Uskayaw.
 26104 | Snake:2  | Reached skill level 5 in Ice Magic
 26562 | Snake:3  | Noticed Aizul
 26583 | Snake:3  | Killed Aizul
 27157 | Snake:2  | Noticed Vashnia
 27391 | Shoals:1 | Entered Level 1 of the Shoals
 27796 | Shoals:1 | Noticed Donald
 28210 | Shoals:1 | Reached XP level 18. HP: 122/122 MP: 28/28
 28866 | Elf:1    | Entered Level 1 of the Elven Halls
 28956 | Elf:1    | Noticed an Ice Fiend
 29014 | Elf:1    | Identified the Papyrus of Calling
 29083 | Elf:1    | Found Metick's Book Shoppe.
 29085 | Elf:1    | Bought a book of Annihilations for 1214 gold pieces
 29085 | Elf:1    | Bought a book of Minor Magic for 220 gold pieces
 29089 | Elf:1    | Learned a level 3 spell: Mephitic Cloud
 29291 | Elf:1    | Reached skill level 1 in Air Magic
 29291 | Elf:1    | Reached skill level 1 in Poison Magic
 29743 | Elf:1    | Reached skill level 10 in Armour
 30113 | Elf:2    | Noticed Roxanne
 30367 | Elf:2    | Killed Roxanne
 30487 | Elf:1    | Learned a level 8 spell: Lehudib's Crystal Spear
 30519 | Elf:2    | Reached skill level 1 in Earth Magic
 30689 | Elf:2    | Reached skill level 10 in Conjurations
 30694 | Elf:2    | Reached skill level 5 in Earth Magic
 30945 | Elf:2    | Found a runed gate.
 30945 | Elf:2    | Found a runed gate.
 30955 | Elf:2    | Found a runed gate.
 31092 | Elf:3    | Entered Level 3 of the Elven Halls
 31197 | Elf:3    | Found Wyfeela's Antique Weapon Emporium.
 31206 | Elf:3    | Bought a dazzling flail for 229 gold pieces
 31206 | Elf:3    | Identified the +9 flail "Yrchuasse" {venom, rPois} (You bought it in a shop on level 3 of the Elven Halls)
 31324 | Elf:3    | Found Sipucega's Antique Weapon Shoppe.
 31363 | Elf:3    | Found Weojadel's Assorted Antiques.
 31483 | Elf:3    | Found Faosum's Magic Scroll Boutique.
 31491 | Elf:3    | Bought a scroll of teleportation for 54 gold pieces
 31491 | Elf:3    | Bought a scroll of teleportation for 54 gold pieces
 31494 | Elf:3    | Found Fyxzifoh's Antique Armour Boutique.
 31505 | Elf:3    | Bought a pair of steaming gloves for 294 gold pieces
 31515 | Elf:3    | Identified the +1 pair of gloves of the Game Afoot {Regen+ SInv Stlth+} (You bought it in a shop on level 3 of the Elven Halls)
 31678 | Elf:3    | Reached XP level 19. HP: 109/127 MP: 10/29
 31856 | Elf:3    | Noticed a Tzitzimitl
 32002 | Elf:3    | Reached skill level 10 in Earth Magic
 32007 | Elf:3    | Noticed a Tzitzimitl
 32055 | Elf:3    | Noticed Bai Suzhen
 32072 | Elf:3    | Killed Bai Suzhen
 32100 | Elf:3    | Killed the ghostly Bai Suzhen
 32129 | Elf:3    | Noticed an Ice Fiend
 32147 | Elf:3    | HP: 6/127 [small abomination[a deep elf high priest] (12)]
 32147 | Elf:3    | Slain by a deep elf blademaster

Vault maps used:
D:1:      nagdon_arrival_zigzag_paths, serial_co_window_serial,
          co_window_paths_b, co_window_of_opportunity_a, co_window_paths_b,
          co_window_paths_a, co_window_corner_a, co_window_unsneaky_path_e,
          co_window_corner_cb, co_window_paths_c, co_window_corner_b,
          co_window_unsneaky_path_e, co_window_corner_cb,
          co_window_of_opportunity_b, glass_columns_a, glass_columns_c,
          glass_columns_b
D:2:      nicolae_qazlal_style_of_elements, nicolae_overflow_quartered_altars
D:3:      lemuel_doored_altar, moated_statue
D:4:      lemuel_coloured_pillars_altar, old_standard_altar,
          nicolae_overflow_crystal_walls, first_bread, uniq_natasha
D:5:      kennysheep_mini_moat, uniq_edmund, uniq_menkaure
D:6:      minmay_temple_entry_butterflies, basic_altar, uniq_blork_the_orc
D:7:      hangedman_abyss_or_decor_passed
D:8:      marbit_many_paths, enter_bailey_2, grunt_livestock
D:9:      nicolae_overflow_hidden_temple, kennysheep_decorative_pillar,
          uniq_psyche, uniq_erolcha
D:10:     basic_altar
D:11:     erik_lair_island, nrook_uturn
D:12:     item_on_display_a
D:13:     hangedman_vaults_entry_quadrant_bands, minmay_checkerbox, uniq_sonja,
          uniq_frances
D:14:     hex_medium
D:15:     gammafunk_depths_entry_grave, hangedman_decor_peaks_small, uniq_azrael
Temple:   zaba_magenta_temple
Lair:1:   nicolae_quartered_pool_little, uniq_nergalle
Lair:2:   lemuel_fruit_tree
Lair:3:   minivault_11
Lair:4:   minmay_shoals_entry_hut, minmay_snake_entry_spellcaster, st_stairs_4,
          grunt_megastairs_5, uniq_kirke
Lair:5:   minmay_slime_entry_pillars
Lair:6:   due_jungle_book, lab_entry_generic, minmay_hedge_maze
Shoals:1: uniq_donald
Snake:1:  nrook_guardian_serpent_double, serial_bayou_shore_a
Snake:2:  basic_altar, uniq_vashnia
Snake:3:  uniq_agnes, uniq_mara, uniq_aizul
Orc:2:    st_orc_congregation
Elf:1:    elf_arrival_001, serial_shops, nicolae_shop_trees,
          minmay_elf_demonology, abandoned_shop
Elf:2:    uniq_saint_roka, uniq_roxanne
Elf:3:    minmay_elf_hall_hex, serial_shops, shop, shop_scrolls, shop,
          shop_fountains, nicolae_shop_waterfront, uniq_bai_suzhen
Lab:      nicolae_lab_dead_adventurers, labyrinth_skeletal_remains,
          nicolae_lab_checkerboard, nicolae_lab_arrow
Bailey:   bailey_axe_bossmonster_kennysheep, bailey

Skill      XL: |  1  2  3  4  5  6  7  8  9 10 11 12 13 14 15 16 17 18 19 |
---------------+----------------------------------------------------------+-----
Maces & Flails | 3 4 5 6 7 9 10 12 13 14 | 14.7
Fighting       | 4 5 7 9 11 12 13 14 15 16 | 16.7
Dodging        | 1 2 4 6 7 |  7.1
Conjurations   | 1 3 7 8 9 10 11 | 11.6
Shields        | 4 6 7 8 |  8.5
Armour         | 4 6 9 10 | 10.3
Invocations    | 1 5 7 10 11 13 | 13.5
Spellcasting   | 3 4 |  4.7
Throwing       | 2 4 |  4.0
Stealth        | 2 4 |  4.6
Hexes          | 4 6 |  6.3
Translocations | 5 |  5.6
Ice Magic      | 1 6 |  6.9
Air Magic      | 2 |  2.1
Poison Magic   | 2 |  2.2
Earth Magic    | 7 11 | 11.2

Action                   |  1- 3 |  4- 6 |  7- 9 | 10-12 | 13-15 | 16-18 | 19-21 || total
-------------------------+-------+-------+-------+-------+-------+-------+-------++-------
Melee: Flail             |   164 |   227 |   316 |   135 |  1604 |  1673 |   158 ||  4277
       Headbutt          |       |    22 |    70 |    40 |   652 |   719 |    66 ||  1569
       Kick              |       |    20 |    99 |    70 |   550 |       |       ||   739
       Whip              |       |       |       |       |       |    32 |       ||    32
Throw: Javelin           |       |       |     3 |     9 |    22 |    16 |     6 ||    56
       Tomahawk          |       |       |       |    15 |       |     1 |     2 ||    18
 Cast: Magic Dart        |       |       |     1 |       |     4 |       |       ||     5
       Blink             |       |       |       |       |       |     7 |       ||     7
       Ensorcelled Hiber |       |       |       |       |       |     4 |       ||     4
       Dazzling Spray    |       |       |       |       |       |     1 |       ||     1
       Lesser Beckoning  |       |       |       |       |       |    16 |    12 ||    28
       Mephitic Cloud    |       |       |       |       |       |     1 |       ||     1
Invok: Slouch            |       |       |       |       |     6 |    17 |     6 ||    29
       Step From Time    |       |       |       |       |       |     1 |       ||     1
       Bend Time         |       |       |       |       |       |     1 |       ||     1
 Abil: Fly               |       |       |       |       |     1 |     1 |       ||     2
       Stop Flying       |       |       |       |       |     1 |       |       ||     1
Evoke: Wand              |       |       |     1 |    12 |    18 |    11 |     4 ||    46
       Lightning rod     |       |       |       |     1 |     1 |       |       ||     2
  Use: Scroll            |     6 |     7 |     4 |     8 |    18 |    22 |     2 ||    67
       Potion            |       |     3 |     5 |     4 |    12 |     8 |     3 ||    35
 Stab: Invisible         |       |       |     4 |       |    10 |       |       ||    14
       Distracted        |       |       |     1 |       |     4 |     5 |       ||    10
       Sleeping          |       |       |       |     1 |     7 |    25 |       ||    33
       Petrified         |       |       |       |       |     4 |       |       ||     4
       Confused          |       |       |       |       |       |     4 |       ||     4
  Eat: Chunk             |     2 |     7 |     5 |     1 |    14 |     3 |       ||    32
       Fruit             |     1 |       |     4 |       |    12 |     4 |       ||    21
       Royal jelly       |       |       |       |     1 |     3 |     8 |       ||    12
Armor: Chain mail        |   141 |   152 |    68 |       |       |       |       ||   361
       Leather armour    |       |       |    87 |    59 |   332 |       |       ||   478
       Troll leather arm |       |       |       |       |   239 |   412 |    59 ||   710
       Scale mail        |       |       |       |       |       |    20 |       ||    20
Dodge: Dodged            |    53 |    70 |   103 |    70 |   601 |   578 |    67 ||  1542
Block: Shield            |   120 |   135 |   182 |   105 |  1291 |  1305 |   101 ||  3239
       Reflection        |       |       |       |       |    15 |   128 |     8 ||   151
